 Dungeon Crawl Stone Soup version 0.20.1-1-g8b1a95d (webtiles) character file.

36279 bmj180 the Severer (level 13, 0/116 HPs)
             Began as a Hill Orc Fighter on Oct 15, 2017.
             Was a High Priest of Okawaru.
             Slain by a spiny frog (41 damage)
             ... on level 6 of the Lair of Beasts.
             The game lasted 01:42:42 (22264 turns).

bmj180 the Severer (Hill Orc Fighter)              Turns: 22264, Time: 01:42:43

Health: 0/116      AC: 24    Str: 33    XL:     13   Next: 89%
Magic:  19/19      EV: 10    Int:  9    God:    Okawaru [*****.]
Gold:   543        SH:  0    Dex: 13    Spells: 12/12 levels left

rFire    + + +     SeeInvis .   t - +4 flail (protect)
rCold    . . .     Gourm    .   A - +0 buckler {AC+3}
rNeg     + + +     Faith    .   J - +0 crystal plate armour
rPois    .         Spirit   .   Y - +0 helmet {Int+3}
rElec    +         Reflect  .   x - +1 cloak
rCorr    +         Harm     .   T - +2 pair of gloves {Str+3}
MR       .....     Rnd*Tele +   u - +0 pair of boots "Omosch" {rElec Str+7 Dex+4}
Stlth    ..........             L - amulet of regeneration
Regen    0.7/turn               s - ring of resist corrosion
MPRegen  0.2/turn               P - ring of Zugouret {rF+++ rN+++ Int-2 Dex-2 Stlth-}

@: sleeping
A: blink, deformed body, teleportitis 1
a: Blink, Heroism, Finesse, Renounce Religion


You were on level 6 of the Lair of Beasts.
You worshipped Okawaru.
Okawaru was extremely pleased with you.
You were not hungry.

You visited 3 branches of the dungeon, and saw 19 of its levels.
You also visited: Labyrinth.

You collected 1077 gold pieces.
You spent 534 gold pieces at shops.

Inventory:

Hand Weapons
 a - a +3 war axe
 c - a +0 hand crossbow
 p - a +2 hand axe of electrocution
 t - a +4 flail of protection (weapon)
Missiles
 E - 4 poisoned tomahawks (quivered)
 H - 97 bolts
 K - 7 silver javelins
 M - 16 tomahawks
Armour
 h - a +2 shield of positive energy
 m - the +2 pair of boots of Fun and Games {rPois rF- rCorr Int-4, unknown}
   (Okawaru gifted it to you on level 6 of the Lair of Beasts)

   It affects your intelligence (-4).
   It makes you vulnerable to fire.
   It protects you from poison.
   It protects you from acid and corrosion.
 u - the +0 pair of boots "Omosch" (worn) {rElec Str+7 Dex+4}
   (You found it in a labyrinth)

   It affects your strength (+7).
   It affects your dexterity (+4).
   It insulates you from electricity.
 x - a +1 cloak (worn)
 A - a +0 buckler of protection (worn)
 I - a +2 ring mail of poison resistance
 J - a +0 crystal plate armour (worn)
 T - a +2 pair of gloves of strength (worn)
 Y - a +0 helmet of intelligence (worn)
Jewellery
 s - a ring of resist corrosion (left hand)
 w - an uncursed ring of protection from cold
 L - an amulet of regeneration (around neck)
 P - the ring of Zugouret (right hand) {rF+++ rN+++ Int-2 Dex-2 Stlth-}
   (You took it off a minotaur in a labyrinth)

   [ring of dexterity]

   It affects your intelligence (-2).
   It affects your dexterity (-2).
   It renders you almost immune to fire.
   It renders you almost immune to negative energy.
   It makes you less stealthy.
Wands
 b - a wand of paralysis (11/24)
 d - a wand of acid (3/15)
 U - a wand of disintegration (1/24)
 W - a wand of flame (34/48)
Scrolls
 e - 5 scrolls of remove curse
 i - 9 scrolls of identify
 k - a scroll of magic mapping
 l - 4 scrolls of fog
 o - 8 scrolls of teleportation
 r - 4 scrolls of blinking
 v - 5 scrolls of fear
 D - a scroll of noise {unknown}
Potions
 j - a potion of cancellation
 z - a potion of flight
 C - 3 potions of might
 N - a potion of heal wounds
 Q - 2 potions of resistance
 R - 3 potions of curing
Books
 y - a book of Summonings

   Spells                             Type                      Level
   a - Recall                         Summoning/Translocation      3
   b - Aura of Abjuration             Summoning                    5
   c - Summon Demon                   Summoning                    5
   d - Summon Forest                  Summoning/Translocation      5
   e - Summon Mana Viper              Hexes/Summoning              5
   f - Shadow Creatures               Summoning                    6
Miscellaneous
 B - a phial of floods
 S - a phial of floods
Comestibles
 f - 13 bread rations
 g - 6 royal jellies
 n - 14 meat rations
 V - 45 fruits


   Skills:
 + Level 11.3 Fighting
 + Level 16.4(16.5) Axes
 + Level 2.3(9.7) Maces & Flails
 * Level 3.8 Crossbows
 + Level 0.8 Throwing
 + Level 9.0 Armour
 * Level 8.4 Dodging
 + Level 1.0 Stealth
 + Level 9.6 Shields
 + Level 8.4 Invocations
 * Level 2.6 Evocations


You had 12 spell levels left.
You didn't know any spells.

Dungeon Overview and Level Annotations

Branches:
Dungeon (12/15)            Temple (1/1) D:6            Lair (6/6) D:9
  Swamp (0/4) Lair:4       Spider (0/4) Lair:2        Slime (0/5) Lair:5
    Orc (0/2) D:11

Altars:
Ashenzari
Cheibriados
Dithmenos
Elyvilon
Fedhas
Gozag
Hepliaklqana
Kikubaaqudgha
Makhleb
Nemelex Xobeh
Okawaru
Qazlal
Ru
Sif Muna
Trog
Uskayaw
Vehumet
Xom
Yredelemnul
Zin
The Shining One
Jiyva

Shops:
D:5 %   D:7 %?[   D:10 [   D:11 ?**([   D:12 %

Annotations:
Lair:4 exclusion: 2 oklob plants


Innate Abilities, Weirdness & Mutations

You can translocate small distances at will.
Armour fits poorly on your strangely shaped body.
You are occasionally teleported next to monsters.


Message History

The six-headed hydra bites the plant! x3
The plant is destroyed!
The dream sheep bites something.
The blink frog hits the fungus!
The catoblepas gores something.
The blink frog blinks!
The dream sheep shake their wool and sparkle.
You feel drowsy...
You fall asleep.
The spiny frog stings you but does no damage.
The blink frog hits you!
You wake up.
The blink frog blinks!
Something bites the plant.
Something bites the plant!
Something bites the plant but does no damage.
Something bites the plant! x2
Something bites the plant but does no damage.
Something bites the plant.
The blink frog blinks!
The blink frog blinks!
The spiny frog barely misses you.
You feel like a meek peon again.
The dream sheep shake their wool and sparkle.
You feel drowsy...
You fall asleep.
The spiny frog stings you!!!
You die...

...................... ........
....PP.....#.#.#.#...............
..##..P..................#.......
.P##.##....#.#.#.#.#.#..###.....#
..#..#.............##............
.###.......#.#.#.#.#.............
..##....................PPP......
.....#...#.#.#.#.#...............
................@F.Y.YY..........
..........##<#.#.#..#P........(..
.........##.......#.P.Y#P........
...#.#....##.#.#.#..PP.#...#.....
#..#...............PPPPF#.......#
#..##......#.#.#.#..PP.Y..P....#.
.........................PPY.....
...........#.#.#.#...............
..........................Y.....#


You could see a catoblepas, a spiny frog, a blink frog and 4 dream sheep.

Vanquished Creatures
  A minotaur (Lab)
  2 hydras
  A catoblepas (Lair:2)
  2 two-headed ogres (D:8)
  Urug (Lair:2)
  Nergalle (Lair:4)
  Sonja (Lair:4)
  An unseen horror (D:8)
  An oklob plant (Lair:6)
  A manticore (D:12)
  4 elephants (Lair:6)
  A cyclops (D:11)
  3 black mambas
  Joseph (D:7)
  2 gargoyles (D:11)
  A rime drake (Lair:2)
  4 spiny frogs
  8 komodo dragons
  A merfolk (shapeshifter) (D:11)
  5 jumping spiders (Lair:2)
  26 blink frogs
  11 hippogriffs
  4 redbacks (Lair:2)
  5 wyverns
  A shadow (Lab)
  14 yaks
  A fire elemental (Lair:5)
  A human (D:11)
  A steam dragon (D:11)
  5 basilisks
  2 hungry ghosts (Lab)
  2 wargs
  Menkaure (D:5)
  8 water moccasins
  Edmund (D:4)
  2 ice beasts
  8 porcupines
  3 sky beasts
  An eye of draining (D:11)
  3 orc warriors
  A phantom (D:8)
  3 black bears
  3 necrophages
  4 ogres
  8 wolves (Lair:3)
  6 centaurs
  3 big kobolds
  12 crocodiles
  15 bullfrogs
  Blork the orc (D:4)
  A gnoll sergeant (D:10)
  5 scorpions
  3 howler monkeys (D:10)
  An electric eel (Lair:4)
  6 crimson imps
  A centaur zombie (D:11)
  2 hounds
  6 orc priests
  A bullfrog zombie (D:5)
  2 centaur skeletons
  3 jellies
  4 iguanas
  12 orc wizards
  4 hell rats (Lair:3)
  9 worker ants
  3 hound zombies
  4 gnolls (D:10)
  16 adders
  4 shadow imps
  4 oozes
  4 worms
  An adder skeleton (D:9)
  3 adder zombies
  2 dart slugs
  5 leopard geckos
  37 orcs
  9 bats
  4 giant cockroaches
  10 goblins
  8 hobgoblins
  12 jackals
  3 quokkas
  3 ball pythons
  7 frilled lizards
  15 kobolds
  2 leopard gecko skeletons
  A quokka skeleton (D:6)
  13 rats
  5 fungi
  A plant (D:9)
434 creatures vanquished.

Vanquished Creatures (others)
  An orc wizard (D:11)
  6 fungi
  9 plants
16 creatures vanquished.

Grand Total: 450 creatures vanquished

Notes
Turn   | Place    | Note
-------+----------+-------------------------------------------
     0 | D:1      | bmj180 the Hill Orc Fighter began the quest for the Orb.
     0 | D:1      | Reached XP level 1. HP: 19/19 MP: 1/1
   238 | D:1      | Reached XP level 2. HP: 27/27 MP: 2/2
   598 | D:1      | Reached skill level 3 in Axes
   675 | D:1      | Reached XP level 3. HP: 33/33 MP: 3/3
  1121 | D:2      | Found an iron altar of Okawaru.
  1127 | D:2      | Became a worshipper of Warmaster Okawaru
  1356 | D:2      | Reached XP level 4. HP: 40/40 MP: 4/4
  1881 | D:2      | Reached skill level 1 in Dodging
  2160 | D:3      | Found a sacrificial altar of Ru.
  2201 | D:3      | Reached skill level 4 in Axes
  3082 | D:3      | Reached XP level 5. HP: 46/46 MP: 5/5
  3587 | D:4      | Reached skill level 5 in Axes
  3587 | D:4      | Reached XP level 6. HP: 48/52 MP: 6/6
  3588 | D:4      | Noticed Blork the orc
  3596 | D:4      | Killed Blork the orc
  3596 | D:4      | Reached * piety under Okawaru
  3935 | D:4      | Noticed Edmund
  4909 | D:3      | Reached skill level 6 in Axes
  5029 | D:4      | Killed Edmund
  5029 | D:4      | Reached skill level 5 in Shields
  5029 | D:4      | Reached XP level 7. HP: 34/60 MP: 4/7
  5260 | D:5      | Entered Level 5 of the Dungeon
  5369 | D:5      | Reached ** piety under Okawaru
  5612 | D:5      | Found Ziothal's Food Emporium.
  5621 | D:5      | Reached skill level 7 in Axes
  5700 | D:5      | Reached skill level 5 in Armour
  6364 | D:5      | Noticed Menkaure
  6370 | D:5      | Killed Menkaure
  6370 | D:5      | Reached skill level 8 in Axes
  6370 | D:5      | Reached XP level 8. HP: 39/67 MP: 2/8
  6654 | D:6      | Reached skill level 1 in Invocations
  6680 | D:6      | Reached skill level 5 in Fighting
  6833 | D:6      | Found a staircase to the Ecumenical Temple.
  6878 | Temple   | Entered the Ecumenical Temple
  7722 | D:7      | Found Conkig's Food Emporium.
  7853 | D:7      | Found Habacria's Armour Shoppe.
  8021 | D:7      | Reached skill level 9 in Axes
  8021 | D:7      | Reached XP level 9. HP: 52/74 MP: 7/11
  8048 | D:7      | Bought a +1 pair of gloves of strength for 247 gold pieces
  8424 | D:7      | Reached *** piety under Okawaru
  8453 | D:7      | Noticed Joseph
  8472 | D:7      | Killed Joseph
  8606 | D:7      | Reached skill level 10 in Axes
  8779 | D:7      | Found Jimn's Magic Scroll Shop.
  8900 | D:7      | Reached skill level 5 in Invocations
  9092 | D:8      | Killed an unseen horror
  9092 | D:8      | Reached **** piety under Okawaru
  9092 | D:8      | Reached XP level 10. HP: 40/83 MP: 7/14
  9401 | D:8      | Noticed a two-headed ogre
  9411 | D:8      | Killed a two-headed ogre
  9411 | D:8      | Reached skill level 11 in Axes
  9501 | D:8      | You fall through a shaft for 3 floors!
  9523 | D:10     | Entered Level 10 of the Dungeon
  9600 | D:10     | Found Seliwy's Antique Armour Shop.
  9647 | D:10     | Bought a runed helmet for 172 gold pieces
  9887 | D:8      | Noticed a two-headed ogre
  9900 | D:8      | Killed a two-headed ogre
  9900 | D:8      | Reached ***** piety under Okawaru
 10075 | D:8      | Reached skill level 12 in Axes
 10082 | D:8      | Found a white marble altar of Elyvilon.
 10511 | D:9      | Reached skill level 5 in Dodging
 10572 | D:9      | Reached XP level 11. HP: 91/91 MP: 14/16
 10735 | D:9      | Found a staircase to the Lair.
 10864 | D:9      | Gained mutation: Armour fits poorly on your strangely shaped body. [potion of mutation]
 10864 | D:9      | Gained mutation: You are occasionally teleported next to monsters. [potion of mutation]
 10864 | D:9      | Gained mutation: You can translocate small distances at will. [potion of mutation]
 11471 | D:10     | Reached skill level 13 in Axes
 11925 | D:11     | Found a staircase to the Orcish Mines.
 12065 | D:11     | Noticed a cyclops
 12075 | D:11     | Killed a cyclops
 12239 | D:11     | Found Fityu's Magic Scroll Shoppe.
 12305 | D:11     | Found Benlora's Weapon Shoppe.
 12375 | D:11     | Found Wusesh's Armour Emporium.
 12433 | D:11     | Found Tel Qirch's General Store.
 12457 | D:11     | Bought a +0 buckler of protection for 115 gold pieces
 12627 | D:11     | Found Tediphu's Assorted Antiques.
 12731 | D:12     | Got a steaming great mace
 12748 | D:12     | Reached skill level 14 in Axes
 12834 | D:12     | Noticed a manticore
 12850 | D:12     | Killed a manticore
 13116 | D:12     | Found Pyahos's Food Emporium.
 13370 | D:9      | Identified the +1 great mace "Xezose" {crush, rPois} (You found it on level 12 of the Dungeon)
 13469 | Lair:1   | Entered Level 1 of the Lair of Beasts
 13559 | Lair:1   | Reached ****** piety under Okawaru
 13792 | Lair:1   | Received a gift from Okawaru
 13810 | Lair:1   | Reached XP level 12. HP: 68/102 MP: 17/17
 13942 | Lair:1   | Noticed a four-headed hydra
 13957 | Lair:1   | Killed a four-headed hydra
 14780 | Lair:2   | Noticed a catoblepas
 14795 | Lair:2   | Killed a catoblepas
 14795 | Lair:2   | Reached skill level 1 in Maces & Flails
 14812 | Lair:2   | Reached skill level 15 in Axes
 14936 | Lair:2   | Found a stormy altar of Qazlal.
 15031 | Lair:2   | Noticed Urug
 15045 | Lair:2   | Killed Urug
 15175 | Lair:2   | Found a hole to the Spider Nest.
 16040 | Lair:2   | Received a gift from Okawaru
 16321 | Lair:2   | Reached skill level 10 in Fighting
 16514 | Lair:3   | Reached skill level 1 in Crossbows
 16522 | Lair:3   | Reached XP level 13. HP: 31/113 MP: 19/19
 17433 | Lair:4   | Noticed Sonja
 17499 | Lair:4   | Found a labyrinth entrance.
 17508 | Lab      | Entered a labyrinth
 19152 | Lab      | Noticed a minotaur
 19173 | Lab      | Killed a minotaur
 19175 | Lab      | Got a brightly glowing brass ring
 19306 | Lab      | Got a pair of jewelled boots
 19321 | Lab      | Identified the cursed ring of Zugouret {rF+++ rN+++ Int-2 Dex-2 Stlth-} (You took it off a minotaur in a labyrinth)
 19337 | Lab      | Identified the +0 pair of boots "Omosch" {rElec Str+7 Dex+4} (You found it in a labyrinth)
 19431 | Lair:4   | Killed Sonja
 19431 | Lair:4   | Reached skill level 16 in Axes
 19744 | Lair:4   | Found a staircase to the Swamp.
 19781 | Lair:4   | Got a thick robe
 20011 | Lair:4   | Reached skill level 1 in Evocations
 20267 | Lair:4   | Reached skill level 1 in Stealth
 20338 | Lair:4   | Noticed Nergalle
 20352 | Lair:4   | Killed Nergalle
 20769 | D:9      | Identified the +1 robe of Gravitas {+Inv rCorr Dex+2} (You found it on level 4 of the Lair of Beasts)
 21449 | Lair:5   | Found a viscous altar of Jiyva.
 21449 | Lair:5   | Found a staircase to the Slime Pits.
 21747 | Lair:6   | Entered Level 6 of the Lair of Beasts
 21754 | Lair:6   | Received a gift from Okawaru
 21755 | Lair:6   | Got a pair of faintly glowing boots {god gift}
 22264 | Lair:6   | Slain by a spiny frog

Skill      XL: |  1  2  3  4  5  6  7  8  9 10 11 12 13 |
---------------+----------------------------------------+-----
Axes           | 3 4 5 6 8 9 10 12 14 15 16 | 16.4
Shields        | 4 5 6 7 8 9 |  9.6
Dodging        | 1 2 3 5 6 7 8 |  8.4
Fighting       | 4 5 6 7 8 10 11 | 11.3
Armour         | 4 5 6 7 8 9 |  9.0
Invocations    | 3 5 7 8 |  8.4
Maces & Flails | 2 |  2.3
Crossbows      | 1 3 |  3.8
Evocations     | 2 |  2.6
Stealth        | 1 |  1.0
Throwing       | |  0.8

Action                   |  1- 3 |  4- 6 |  7- 9 | 10-12 | 13-15 || total
-------------------------+-------+-------+-------+-------+-------++-------
Melee: War axe           |   134 |   246 |   295 |   783 |   335 ||  1793
       Flail             |       |       |       |    17 |    28 ||    45
       Punch             |       |       |       |       |     1 ||     1
Throw: Tomahawk          |       |       |       |     8 |       ||     8
Invok: Heroism           |       |     1 |     8 |    18 |     7 ||    34
       Finesse           |       |       |       |     5 |     4 ||     9
 Abil: Blink             |       |       |       |       |     1 ||     1
Evoke: Wand              |       |       |       |     3 |     2 ||     5
  Use: Scroll            |       |     7 |     4 |    12 |     5 ||    28
       Potion            |       |     4 |     1 |     9 |     1 ||    15
  Eat: Chunk             |     2 |     9 |    11 |    21 |    10 ||    53
       Fruit             |       |     2 |     1 |     4 |    14 ||    21
       Royal jelly       |       |       |     1 |       |       ||     1
Armor: Scale mail        |    58 |    91 |   123 |       |       ||   272
       Ring mail         |       |       |    20 |   264 |    40 ||   324
       Crystal plate arm |       |       |       |       |   234 ||   234
Dodge: Dodged            |    55 |    84 |    82 |   426 |   209 ||   856
Block: Shield            |    84 |   128 |   125 |    49 |       ||   386
       Buckler           |       |       |       |   182 |    76 ||   258
